 Dungeon Crawl Stone Soup version 0.26-a0-690-gcb57259078 (webtiles) character file.

Game seed: 17931802560867434883

14477 dickylongcocking the Cardsharp (level 12, -2/91 HPs)
             Began as a Formicid Fighter on Oct 25, 2020.
             Was a High Priest of Nemelex Xobeh.
             Slain by a polar bear (25 damage)
             ... in an ice cave.
             The game lasted 00:13:13 (14646 turns).

dickylongcocking the Cardsharp (Formicid Fighter)  Turns: 14646, Time: 00:13:14

Health: -2/91      AC: 11    Str: 30    XL:     12   Next: 45%
Magic:  21/21      EV: 11    Int:  7    God:    Nemelex Xobeh [*****.]
Gold:   1037       SH: 12    Dex: 13    Spells: 11/11 levels left

rFire    . . .     SeeInvis +   r - +3 halberd (freeze)
rCold    + . .     Faith    +   c - +0 kite shield
rNeg     . . .     Spirit   .   T - +0 chain mail
rPois    .         Reflect  .   (helmet unavailable)
rElec    .         Harm     .   o - scarf {repulsion}
rCorr    .         Rampage  .   (no gloves)
MR       +....                  s - +0 pair of boots
Stlth    ..........             B - amulet of faith
HPRegen  0.25/turn              A - ring of protection from cold
MPRegen  0.17/turn              n - +6 ring of strength

@: repel missiles
A: permanent stasis, dig shafts and tunnels, four strong arms, antennae 3
a: Dig, Shaft Self, Draw Escape, Draw Destruction, Draw Summoning, Triple Draw,
Deal Four, Stack Five, Renounce Religion


You were in an ice cave.
You worshipped Nemelex Xobeh.
Nemelex Xobeh was extremely pleased with you.
You visited 2 branches of the dungeon, and saw 13 of its levels.
You also visited: Ice Cave.

You collected 1037 gold pieces.

Inventory:

Hand Weapons
 a - a +0 war axe
 f - a +1 bardiche
 h - a +3 dagger of venom
 q - a +0 glaive
 r - a +3 halberd of freezing (weapon)
 t - a +0 great sword
 y - a +3 battleaxe
Missiles
 Q - 16 bolts
Armour
 b - a +0 scale mail
 c - a +0 kite shield (worn)
 o - a scarf of repulsion (worn)
 s - a +0 pair of boots (worn)
 T - a +0 chain mail (worn)
Jewellery
 d - a +6 ring of intelligence {unknown}
 g - an uncursed ring of attention
 i - an uncursed ring of flight
 j - a +4 ring of slaying {unknown}
 n - a +6 ring of strength (right hand)
 p - an uncursed ring of fire
 A - a ring of protection from cold (left hand)
 B - an amulet of faith (around neck)
 E - an uncursed amulet of reflection {unknown}
 F - an uncursed ring of wizardry
 N - an uncursed ring of protection from fire
 O - an uncursed ring of protection from fire
 R - a +6 ring of intelligence {unknown}
Wands
 m - a wand of random effects (14)
 u - a wand of digging (12)
 v - a wand of flame (12)
 z - a wand of paralysis (10)
 G - a wand of disintegration (10)
 I - a wand of iceblast (13)
Scrolls
 k - 5 scrolls of remove curse
 l - 2 scrolls of amnesia
 C - 4 scrolls of magic mapping
 J - 4 scrolls of identify
 L - 2 scrolls of fog {unknown}
 M - a scroll of fear {unknown}
Potions
 e - a potion of stabbing {unknown}
 w - a potion of degeneration {unknown}
 x - 2 potions of lignification {unknown}
 D - 2 potions of flight
 H - 2 potions of curing
 K - a potion of cancellation
 S - a potion of mutation {unknown}


   Skills:
 * Level 7.0 Fighting
 - Level 6.4(8.6) Axes
 * Level 8.9(9.8) Polearms
 - Level 3.0 Throwing
 * Level 6.7 Armour
 * Level 4.5 Dodging
 - Level 9.0 Shields
 * Level 12.5 Invocations


You had 11 spell levels left.
You didn't know any spells.
Your spell library contained the following spells:

 Spells                   Type           Power        Failure   Level
 Corona                   Hex            #......      91%         1
 Magic Dart               Conj           #...         91%         1
 Summon Small Mammal      Summ           #...         91%         1
 Call Imp                 Summ           #.......     97%         2
 Slow                     Hex            #.......     97%         2
 Call Canine Familiar     Summ           #.......     99%         3
 Conjure Flame            Conj/Fire      #.......     99%         3
 Inner Flame              Hex/Fire       #.......     99%         3
 Mephitic Cloud           Conj/Pois/Air  #.......     99%         3
 Portal Projectile        Hex/Tloc       #.....       99%         3
 Summon Guardian Golem    Hex/Summ       #.......     99%         3
 Cause Fear               Hex            #.........   100%        4
 Leda's Liquefaction      Hex/Erth       #.........   100%        4
 Summon Ice Beast         Ice/Summ       #.......     100%        4
 Summon Lightning Spire   Summ/Air       #.......     100%        4
 Bolt of Magma            Conj/Fire/Erth #.........   100%        5
 Iskenderun's Battlesphe  Conj           #.......     100%        5
 Iron Shot                Conj/Erth      #.........   100%        6
 Orb of Destruction       Conj           #.........   100%        7
 Spellforged Servitor     Conj/Summ      #.........   100%        7
 Blink                    Tloc           Unusable     N/A         2

Dungeon Overview and Level Annotations

Branches:
Dungeon (12/15)            Temple (1/1) D:6            Lair (0/6) D:11
  IceCv (1/1)
    Orc: D:9-12

Altars:
Ashenzari
Cheibriados
Dithmenos
Elyvilon
Fedhas
Gozag
Hepliaklqana
Kikubaaqudgha
Makhleb
Nemelex Xobeh
Okawaru
Qazlal
Ru
Sif Muna
Trog
Uskayaw
Vehumet
Wu Jian
Xom
Yredelemnul
Zin
The Shining One
Lugonu

Shops:
D:5 }   D:8 *


Innate Abilities, Weirdness & Mutations

You cannot be hasted, slowed, berserked, paralysed or teleported.
You can dig through walls and to a lower floor.
Your four strong arms can wield two-handed weapons with a shield.
You have a pair of large antennae on your head. (SInv)


Message History

You block the polar bear's attack.
The polar bear claws you but does no damage. x2
You hit the polar bear. You freeze the polar bear.
The polar bear is moderately wounded.
The polar bear closely misses you. You block the polar bear's attack.
The polar bear claws you.
* * * LOW HITPOINT WARNING * * *
Dickylongcocking's illusion hits the polar bear!
Dickylongcocking's illusion freezes the polar bear.
You slice the polar bear!! You freeze the polar bear.
The polar bear is almost dead.
A wolf comes into view.
The polar bear goes berserk!
Dickylongcocking's illusion hits the polar bear but does no damage.
Unknown command.
You completely miss the polar bear.
The polar bear is almost dead.
The polar bear bites you!!
You die...
Your body glows slightly and disappears.

.# ## $# #. .
.##h#.. ?#...
.... #### ###
..# ##.°## ###
###.##h.#
##÷÷°.## ##.#
##....@@#
##..###.#
#..####.†.#..##
#..##.≈##
##.†.##..###.##
##.###..##
#..#.#...#
######.## ##..#
##.##††..##
##...# ##.#
#..###...#
##...## #.##
#.#####.##
##.†#.# ####.#
#.##.####
#...### ##.##.#
#...#.#
#.#.######..#..#


You could see a polar bear (berserk), a wolf and the friendly dickylongcocking's
illusion (summoned).

Vanquished Creatures
  Pikel (D:5)
  An ice statue (IceCv)
  A gargoyle (D:10)
  2 trolls
  8 polar bears (IceCv)
  Grinder (D:3)
  A vampire (D:11)
  12 yaks
  A steam dragon (D:10)
  An acid dragon (D:11)
  2 water moccasins (D:11)
  6 ice beasts
  5 black bears
  3 orc warriors
  3 phantoms
  2 sky beasts
  4 necrophages (D:9)
  3 ogres
  10 centaurs
  7 wolves (IceCv)
  10 bullfrogs
  A gnoll sergeant (D:6)
  3 scorpions
  A water moccasin skeleton (D:4)
  4 howler monkeys
  18 wights
  A bullfrog zombie (D:9)
  4 hounds
  9 orc priests
  7 orc wizards
  2 centaur skeletons
  4 iguanas
  Natasha (thrice) (D:3)
  7 worker ants
  A killer bee zombie (D:6)
  A hound zombie (D:9)
  3 hound skeletons
  A mummy (D:9)
  4 worker ant zombies
  2 howler monkey zombies (D:6)
  11 adders
  15 gnolls
  2 shadow imps
  4 white imps
  5 ufetubi
  An adder zombie (D:6)
  An adder skeleton (D:4)
  2 dart slugs
  4 worms
  8 leopard geckos
  45 orcs
  6 giant cockroaches
  8 goblins
  7 hobgoblins
  9 jackals
  9 kobolds
  6 quokkas
  2 ball pythons
  6 bats
  3 frilled lizards
  A jackal zombie (D:6)
  2 quokka skeletons
  13 rats
  A spectral orc (D:4)
331 creatures vanquished.

Vanquished Creatures (collateral kills)
  A death yak (IceCv)
  A troll (D:10)
  3 yaks (IceCv)
  An orc warrior (D:9)
  A necrophage (D:9)
  4 wolves (IceCv)
  3 killer bees (D:7)
  2 wights (D:7)
  A centaur zombie (D:9)
  2 hounds
  An orc wizard (D:9)
  A mummy (D:9)
  2 orcs (D:9)
23 creatures vanquished.

Vanquished Creatures (others)
  A yak (IceCv)
  A bullfrog zombie (D:7)
  54 fungi (D:11)
  52 plants
  A withered plant (D:9)
109 creatures vanquished.

Grand Total: 463 creatures vanquished

Notes
Turn   | Place    | Note
-------+----------+-------------------------------------------
     0 | D:1      | dickylongcocking the Formicid Fighter began the quest for
                  | the Orb.
     0 | D:1      | Reached XP level 1. HP: 18/18 MP: 1/1
   147 | D:1      | Reached XP level 2. HP: 23/24 MP: 2/2
   304 | D:1      | Found a sparkling altar of Nemelex Xobeh.
   607 | D:1      | Reached XP level 3. HP: 29/29 MP: 3/3
   819 | D:1      | Became a worshipper of Nemelex Xobeh the Trickster
  1224 | D:2      | Found a shimmering altar of Xom.
  1231 | D:2      | Reached XP level 4. HP: 35/35 MP: 4/4
  1254 | D:2      | Noticed an ice beast
  1265 | D:2      | Reached skill level 1 in Invocations
  1271 | D:2      | Killed an ice beast
  1271 | D:2      | Reached skill level 2 in Invocations
  1271 | D:2      | Reached XP level 5. HP: 41/41 MP: 4/6
  1512 | D:2      | Reached skill level 5 in Shields
  1565 | D:2      | Reached XP level 6. HP: 26/47 MP: 8/8
  2445 | D:3      | Found an ornate altar of the Wu Jian Council.
  2453 | D:3      | Reached skill level 3 in Invocations
  2653 | D:3      | Noticed Natasha
  2661 | D:3      | Killed Natasha
  2682 | D:3      | Reached * piety under Nemelex Xobeh
  2768 | D:3      | Noticed Grinder
  2788 | D:3      | Killed Grinder
  2788 | D:3      | Reached skill level 4 in Invocations
  2788 | D:3      | Reached XP level 7. HP: 31/52 MP: 8/10
  2997 | D:3      | Noticed Natasha
  3003 | D:3      | Killed Natasha
  3046 | D:3      | Noticed Natasha
  3053 | D:3      | Killed Natasha
  3313 | D:4      | Received a gift from Nemelex Xobeh
  3523 | D:4      | Found a basalt altar of Yredelemnul.
  3583 | D:4      | Reached skill level 5 in Axes
  3694 | D:4      | Reached XP level 8. HP: 54/58 MP: 11/11
  3716 | D:4      | Reached skill level 5 in Invocations
  3854 | D:4      | Reached skill level 1 in Throwing
  4102 | D:4      | Found a shimmering blue altar of Sif Muna.
  4258 | D:5      | Entered Level 5 of the Dungeon
  4259 | D:5      | Reached skill level 1 in Polearms
  4629 | D:5      | Reached ** piety under Nemelex Xobeh
  4708 | D:5      | Reached skill level 6 in Invocations
  4936 | D:5      | Found an iron altar of Okawaru.
  4949 | D:5      | Found a shadowy altar of Dithmenos.
  4983 | D:5      | Found a sparkling altar of Nemelex Xobeh.
  5007 | D:5      | Found a bloodstained altar of Trog.
  5360 | D:5      | Received a gift from Nemelex Xobeh
  5456 | D:5      | Found Acijotu's Gadget Shoppe.
  5494 | D:5      | Reached XP level 9. HP: 63/64 MP: 13/13
  5587 | D:5      | Found a hide-covered altar of Uskayaw.
  5742 | D:6      | Noticed Pikel
  5756 | D:5      | Killed Pikel
  5756 | D:5      | Reached skill level 7 in Invocations
  5817 | D:6      | Received a gift from Nemelex Xobeh
  6102 | D:6      | Reached skill level 8 in Invocations
  6586 | D:6      | Found a staircase to the Ecumenical Temple.
  6772 | Temple   | Entered the Ecumenical Temple
  6841 | D:7      | Received a gift from Nemelex Xobeh
  7266 | D:6      | Reached XP level 10. HP: 53/70 MP: 16/16
  7560 | D:7      | Reached skill level 9 in Invocations
  7791 | D:7      | Found the +27 Lear's hauberk
  7911 | D:7      | Reached skill level 5 in Polearms
  7973 | D:7      | Reached *** piety under Nemelex Xobeh
  8287 | D:7      | Reached skill level 10 in Invocations
  8631 | D:8      | Received a gift from Nemelex Xobeh
  8752 | D:8      | Found an opulent altar of Gozag.
  8769 | D:8      | Found Gozag's Platinum Reserve.
  8841 | D:8      | Found a white marble altar of Elyvilon.
  8974 | D:8      | Found a stormy altar of Qazlal.
  9317 | D:8      | Reached **** piety under Nemelex Xobeh
  9335 | D:8      | Received a gift from Nemelex Xobeh
 10127 | D:9      | Found a broken altar of Ashenzari.
 10514 | D:9      | Reached skill level 11 in Invocations
 10851 | D:10     | Entered Level 10 of the Dungeon
 10860 | D:10     | Reached XP level 11. HP: 41/77 MP: 19/19
 11219 | D:10     | Reached skill level 1 in Dodging
 11248 | D:10     | Received a gift from Nemelex Xobeh
 11784 | D:10     | Reached skill level 5 in Fighting
 12281 | D:11     | Received a gift from Nemelex Xobeh
 12319 | D:11     | Found a staircase to the Lair.
 12340 | D:11     | Reached skill level 5 in Armour
 12917 | D:11     | Received a gift from Nemelex Xobeh
 13062 | D:11     | Reached ***** piety under Nemelex Xobeh
 13424 | D:11     | Reached skill level 12 in Invocations
 13586 | D:11     | Received a gift from Nemelex Xobeh
 13649 | D:12     | Found a frozen archway.
 13653 | IceCv    | Entered an ice cave
 13909 | IceCv    | Reached XP level 12. HP: 58/88 MP: 21/21
 14506 | IceCv    | Noticed a death yak
 14534 | IceCv    | Killed a death yak
 14646 | IceCv    | Slain by a polar bear

Illustrated notes

Levels and vault maps discovered:
D:1:      onia_arrival_handbag, layout_loops_corners,
          nemelex_xobeh_ov_fountains_minmay
D:2:      layout_basic, old_standard_altar, st_stairs_12, minmay_tetromino_t4
D:3:      layout_rooms, overflow_temple_1_default, uniq_grinder, uniq_natasha
D:4:      layout_basic, yredelemnul_forgotten_temple_becter,
          kennysheep_mini_moat
D:5:      layout_loops_ring, eat_drink_and_be_merry_uskayaw,
          grunt_temple_overflow_cloverleaf, serial_shops, shop_coins,
          minivault_19
D:6:      layout_rooms, minmay_temple_entry_overgrown, uniq_pikel
D:7:      layout_cave_pools
D:8:      layout_loops_corners, grunt_qazlal_clouds, elyvilon_altar_1,
          nicolae_gozag_zags_fifth_avenue, hex_large
D:9:      layout_stronghold, old_standard_altar, serial_undead, serial_undead_d,
          serial_undead_c, serial_undead_f, serial_undead_a, serial_undead_e,
          serial_undead_e
D:10:     kennysheep_blocky_hall, layout_loops_ring
D:11:     layout_grid_maze, due_lair_maze_entry_diamond
D:12:     layout_loops_corners, minmay_orc_entry_temple_small,
          portal_ice_cave_entry_pillars_1, uniq_erolcha, uniq_rupert
Temple:   corrupted_temple
IceCv:    ice_cave_caverns_03

Skill      XL: |  1  2  3  4  5  6  7  8  9 10 11 12 |
---------------+-------------------------------------+-----
Shields        | 4 5 6 7 9 |  9.0
Invocations    | 2 4 6 8 11 12 | 12.5
Axes           | 3 4 5 6 |  6.4
Throwing       | 2 3 |  3.0
Polearms       | 2 3 7 8 |  8.9
Fighting       | 4 6 7 |  7.0
Dodging        | 3 4 |  4.5
Armour         | 5 6 |  6.7

Action                   |  1- 3 |  4- 6 |  7- 9 | 10-12 || total
-------------------------+-------+-------+-------+-------++-------
Melee: War axe           |    95 |    92 |       |       ||   187
       Dagger            |       |    44 |    22 |       ||    66
       Glaive            |       |       |   110 |       ||   110
       Battleaxe         |       |       |   121 |       ||   121
       Great sword       |       |       |    11 |       ||    11
       Halberd           |       |       |    52 |   504 ||   556
       Bardiche          |       |       |    15 |       ||    15
Invok: Draw Destruction  |       |       |     9 |    16 ||    25
       Draw Summoning    |       |       |     1 |     8 ||     9
       Draw Escape       |       |       |       |     3 ||     3
       Deal Four         |       |       |       |     1 ||     1
Evoke: Wand              |       |       |       |     1 ||     1
  Use: Potion            |       |     5 |     5 |     3 ||    13
       Scroll            |       |       |     2 |     8 ||    10
 Stab: Distracted        |       |       |       |     1 ||     1
Armor: Scale mail        |    49 |    58 |   132 |   104 ||   343
       Chain mail        |       |       |       |    54 ||    54
Dodge: Dodged            |    38 |    40 |   165 |   206 ||   449
       Repelled          |       |       |     1 |     2 ||     3
Block: Kite shield       |    50 |    71 |   281 |   346 ||   748
       Rpst.: Great sword |       |       |     3 |       ||     3

Table legend: (Time is in decaauts)
 A = Elapsed time spent in this place.
 B = Non-inter-level travel time spent in this place.
 C = Inter-level travel time spent in this place.
 D = Time resting spent in this place.
 E = Time spent auto-exploring this place.
 F = Levels seen in this place.
 G = Mean time per level.
                   A        B        C        D        E       F      G
               +--------+--------+--------+--------+--------+-----+--------+
         Total |  14917 |  14600 |    317 |   2715 |   9284 |  14 | 1065.5 |
       Dungeon |  13875 |  13571 |    304 |   2093 |   9074 |  12 | 1156.2 |
        Temple |     45 |     33 |     12 |      0 |     30 |   1 |   45.0 |
      Ice Cave |    996 |    996 |      0 |    622 |    180 |   1 |  996.0 |
               +--------+--------+--------+--------+--------+-----+--------+

Top non-repeatable levels by time:
     D:5: 1682 daAuts
     D:6: 1637 daAuts
    D:10: 1433 daAuts
     D:2: 1426 daAuts
    D:11: 1368 daAuts
     D:9: 1356 daAuts
     D:4: 1110 daAuts
     D:7: 1100 daAuts
   IceCv: 996 daAuts
     D:1: 970 daAuts
     D:8: 907 daAuts
     D:3: 872 daAuts
  Temple: 45 daAuts
    D:12: 9 daAuts
